 Dungeon Crawl Stone Soup version 0.24-a0-630-g0d56a851f4 (webtiles) character file.

Game seed: 10874767180086391166, levelgen mode: deterministic

988 Marnok the Slasher (level 8, 0/60 HPs)
             Began as a Human Fighter on Sept 20, 2019.
             Succumbed to a scorpion's poison
             ... on level 5 of the Dungeon.
             The game lasted 00:16:26 (4799 turns).

Marnok the Slasher (Human Fighter)                  Turns: 4799, Time: 00:16:26

Health: 0/60       AC:  8    Str: 19    XL:     8   Next: 41%
Magic:  8/8        EV: 13    Int:  9    God:
Gold:   295        SH: 10    Dex: 12    Spells: 7/7 levels left

rFire    . . .     SeeInvis .   a - +2 long sword
rCold    . . .     Gourm    +   c - +0 shield
rNeg     . . .     Faith    .   b - +0 scale mail
rPois    .         Spirit   .   x - +1 hat
rElec    .         Reflect  .   n - scarf {cloud immunity}
rCorr    .         Harm     .   (no gloves)
MR       +....                  (no boots)
Stlth    ..........             m - amulet of the gourmand
HPRegen  0.20/turn              s - +5 ring of evasion
MPRegen  0.11/turn              (no ring)

@: lethally poisoned (0 -> -3)
A: magic resistance 1, screaming 1
a: no special abilities


You were on level 5 of the Dungeon.
You were not hungry.

You visited 1 branch of the dungeon, and saw 6 of its levels.

You collected 295 gold pieces.

Inventory:

Hand Weapons
 a - a +2 long sword (weapon)
 d - a +4 quarterstaff of chaos
 h - a +1 whip of venom
 v - a +1 short sword of holy wrath
 y - a cursed -1 short sword
 C - a +1 whip of electrocution
Armour
 b - a +0 scale mail (worn)
 c - a +0 shield (worn)
 n - a scarf of cloud immunity (worn)
 t - a +2 cloak
 x - a +1 hat (worn)
Jewellery
 m - an amulet of the gourmand (around neck)
 s - a +5 ring of evasion (left hand)
 u - an uncursed amulet of magic regeneration {unknown}
 B - an uncursed amulet of the gourmand
Wands
 D - a wand of clouds (4)
Scrolls
 e - 2 scrolls of noise
 g - 2 scrolls of amnesia
 j - a scroll of fog
 l - a scroll of teleportation
Comestibles
 f - 8 rations
 i - a chunk of flesh


   Skills:
 + Level 4.2 Fighting
 + Level 5.9 Long Blades
 + Level 5.0 Armour
 + Level 2.2 Dodging
 + Level 0.5 Stealth
 + Level 5.3 Shields


You had 7 spell levels left.
You didn't know any spells.
Your spell library contained the following spells:

 Spells                   Type           Power        Failure   Level  Hunger
 Magic Dart               Conj           #...         99%         1    ##.....
 Blink                    Tloc           N/A          99%         2    ###....
 Call Imp                 Summ           #.......     99%         2    ###....
 Slow                     Hex            #.......     99%         2    ###....
 Conjure Flame            Conj/Fire      #.......     100%        3    ####...
 Mephitic Cloud           Conj/Pois/Air  #.......     100%        3    ####...


Dungeon Overview and Level Annotations

Branches:
Dungeon (6/15)
 Temple: D:4-7

Altars:
Xom

Annotations:
D:6 Sigmund


Innate Abilities, Weirdness & Mutations

You are resistant to hostile enchantments. (MR+)
You occasionally shout uncontrollably at your foes.


Message History

You feel sick. The adder bites you but does no damage.
The adder closely misses you.
You barely miss the adder.
The adder is moderately wounded.
You block the adder's attack.
You closely miss the adder.
The adder is moderately wounded.
* * * LOW HITPOINT WARNING * * *
You feel sick. You block the adder's attack.
The adder bites you but does no damage.
Your shield and scale mail prevent you from hitting the adder.
The adder is moderately wounded.
* * * LOW HITPOINT WARNING * * *
You feel sick. You block the adder's attack.
You slash the adder!
The adder is almost dead.
The adder bites you but does no damage. The adder closely misses you.
You slash the adder!
You kill the adder!
You die...

#.##..##.###..<<...##
##...# #.##.###.#
##.....## ##.##
#.##.###.# ##...## #.#
#........# ##'## #.#
####.##### #.# #.# #.#
#.# #.# #.# ###.######
#.# #.########....†...#
#.# #.#.........†@.##.#
#.# #.#.#####.......#.#
#.#
#.....###..#..#.#.#####.#
###.#...................#
#........######.#######
########.######.#
#........# ##########


There were no monsters in sight!

Vanquished Creatures
  A water moccasin (D:6)
  An ice beast (D:5)
  2 phantoms
  A scorpion (D:5)
  A howler monkey (D:4)
  2 crimson imps (D:5)
  Crazy Yiuf (D:3)
  2 hounds
  A jelly (D:5)
  An orc wizard (D:6)
  Jessica (D:2)
  An iguana (D:6)
  3 worker ants (D:4)
  A hound skeleton (D:6)
  A worker ant zombie (D:5)
  8 adders
  An ooze (D:2)
  4 dart slugs
  2 leopard geckos (D:3)
  6 orcs
  4 bats
  7 giant cockroaches
  6 hobgoblins
  6 jackals
  5 quokkas
  5 frilled lizards
  8 goblins
  4 kobolds
  A quokka zombie (D:5)
  6 rats
93 creatures vanquished.

Notes
Turn   | Place    | Note
-------+----------+-------------------------------------------
     0 | D:1      | Marnok the Human Fighter began the quest for the Orb.
     0 | D:1      | Reached XP level 1. HP: 18/18 MP: 1/1
   116 | D:1      | Reached XP level 2. HP: 22/24 MP: 2/2
   467 | D:1      | Reached XP level 3. HP: 25/29 MP: 3/3
  1221 | D:3      | Reached XP level 4. HP: 32/35 MP: 4/4
  1308 | D:3      | Found a shimmering altar of Xom.
  1699 | D:3      | Found a runed translucent door.
  1700 | D:3      | Noticed Crazy Yiuf
  1708 | D:3      | Killed Crazy Yiuf
  1708 | D:3      | Reached XP level 5. HP: 38/41 MP: 5/5
  2253 | D:2      | Noticed Jessica
  2270 | D:2      | Killed Jessica
  2270 | D:2      | Reached XP level 6. HP: 43/47 MP: 6/6
  2736 | D:5      | Entered Level 5 of the Dungeon
  2898 | D:4      | Reached skill level 1 in Dodging
  3341 | D:4      | Noticed a phantom
  3554 | D:4      | Killed a phantom
  3554 | D:4      | Reached XP level 7. HP: 52/53 MP: 7/7
  3704 | D:6      | Noticed Sigmund
  4200 | D:5      | Reached skill level 5 in Long Blades
  4463 | D:5      | Reached skill level 5 in Shields
  4463 | D:5      | Reached XP level 8. HP: 60/60 MP: 8/8
  4590 | D:5      | Gained mutation: You occasionally shout uncontrollably at
                  | your foes. [potion of mutation]
  4590 | D:5      | Gained mutation: You are resistant to hostile enchantments.
                  | (MR+) [potion of mutation]
  4707 | D:6      | Reached skill level 5 in Armour
  4766 | D:6      | HP: 3/60 [orc priest/divine providence (14)]
  4793 | D:5      | HP: 3/60 [poisoned by a scorpion]
  4797 | D:5      | HP: 1/60 [poisoned by a scorpion]
  4799 | D:5      | Succumbed to a scorpion's poison

Levels and vault maps discovered:
D:1:      lightli_iron_boxes, layout_basic
D:2:      layout_rooms, first_ration, uniq_jessica
D:3:      layout_loops_corners, minivault_11, xom_teletrap_fun,
          uniq_crazy_yiuf_cottage
D:4:      layout_loops_ring
D:5:      layout_loops_corners, eino_curves_03
D:6:      layout_rooms, uniq_sigmund

Skill      XL: |  1  2  3  4  5  6  7  8 |
---------------+-------------------------+-----
Long Blades    | 3 4 5 |  5.9
Shields        | 4 5 |  5.3
Armour         | 4 5 |  5.0
Dodging        | 1 2 |  2.2
Fighting       | 4 |  4.2
Stealth        | |  0.5

Action                   |  1- 3 |  4- 6 |  7- 9 || total
-------------------------+-------+-------+-------++-------
Melee: Long sword        |    96 |   268 |   153 ||   517
  Use: Scroll            |     3 |     1 |     5 ||     9
       Potion            |     1 |     2 |    10 ||    13
  Eat: Chunk             |     2 |    18 |     3 ||    23
Armor: Scale mail        |    35 |    62 |    53 ||   150
Dodge: Dodged            |    26 |   111 |    91 ||   228
Block: Shield            |    49 |   131 |    75 ||   255
       Rpst.: Long sword |     7 |    37 |    24 ||    68

Table legend:
 A = Non-vault XP
 B = Vault XP
 C = Vault XP percentage of total XP
 D = Non-vault monster count
 E = Vault monster count
 F = Vault count percentage of total count
                 A         B        C        D         E       F
            +---------+---------+-------+---------+---------+-------
      Total |    1331 |      81 |   5.7 |      91 |       2 |   2.2
            +---------+---------+-------+---------+---------+-------
        D:1 |      37 |       0 |   0.0 |      21 |       0 |   0.0
        D:2 |      61 |      37 |  37.8 |      16 |       1 |   5.9
        D:3 |      93 |      44 |  32.1 |      28 |       1 |   3.4
        D:4 |     304 |       0 |   0.0 |       7 |       0 |   0.0
        D:5 |     547 |       0 |   0.0 |      12 |       0 |   0.0
        D:6 |     289 |       0 |   0.0 |       7 |       0 |   0.0
            +---------+---------+-------+---------+---------+-------
